 Dungeon Sprint DCSS version 0.30-a0-956-gcec3b41aec (webtiles) character file.

Game seed: 15814615636545184102

1590 sircluck the Severer (level 8, -9/124 HPs)
             Began as a Hill Orc Berserker on Mar 29, 2023.
             Was a High Priest of Trog.
             Succumbed to Sonja's poison
             ... in the Dungeon (Sprint VII: "The Pits").
             The game lasted 00:02:57 (489 turns).

sircluck the Severer (Hill Orc Berserker)            Turns: 489, Time: 00:02:58

Health: -9/124     AC: 13    Str: 22    XL:     8   Next: 92%
Magic:  8/8        EV:  9    Int:  7    God:    Trog [*****.]
Gold:   0          SH:  0    Dex: 10    Spells: 7/7 levels left

rFire   . . .      SeeInvis .    t - +3 battleaxe (heavy)
rCold   . . .      Faith    .    (shield currently unavailable)
rNeg    . . .      Spirit   .    s - +3 chain mail
rPois   .          Reflect  .    (no helmet)
rElec   .          Rampage  .    (no cloak)
rCorr   .          NoTele   +    (no gloves)
Will    .....                    (no boots) Stlth
                                 (no amulet)
HPRegen 0.40/turn                (no ring)
MPRegen 0.11/turn                (no ring)

@: berserking, lethally poisoned (-9 -> -100), very quick
A: no striking features
a: Renounce Religion, Berserk, Trog's Hand, Brothers in Arms


You were in the Dungeon.
You worshipped Trog.
Trog was extremely pleased with you.
You visited 1 branch

Inventory:

Hand Weapons
 a - a +0 hand axe
 n - a +2 hand axe
 o - a +2 mace
 q - a +1 heavy hand axe
 r - a +1 mace of protection
 t - a +3 heavy battleaxe (weapon)
Missiles
 m - 10 stones (quivered)
Armour
 b - a +0 animal skin
 p - a +2 plate armour
 s - a +3 chain mail (worn)
Scrolls
 h - a scroll of blinking
 j - a scroll of summoning
 k - 5 scrolls of amnesia
 l - 2 scrolls of vulnerability
Potions
 c - 6 potions of curing
 d - 5 potions of heal wounds
 e - a potion of haste
 f - 4 potions of magic
 g - 3 potions of berserk rage
 i - 2 potions of invisibility


   Skills:
 + Level 12.2 Fighting
 + Level 17.8 Axes
 + Level 8.1 Armour
 + Level 5.6 Dodging


You had 7 spell levels left.
You didn't know any spells.
Your spell library was empty.

Dungeon Overview and Level Annotations

Branches:
Dungeon (1/1)

Altars:
Ashenzari
Cheibriados
Dithmenos
Elyvilon
Fedhas
Gozag
Hepliaklqana
Kikubaaqudgha
Makhleb
Nemelex Xobeh
Okawaru
Qazlal
Ru
Sif Muna
Trog
Uskayaw
Vehumet
Wu Jian
Xom
Yredelemnul
Zin
The Shining One
Beogh
Jiyva
Lugonu

Annotations:
D Sonja


Message History

Sonja hits you with a +4 dagger of venom.
You are more poisoned.
Sonja hits you but does no damage.
The deep elf zephyrmancer casts a spell.
The deep elf zephyrmancer blinks!
You hit Sonja.
Sonja is lightly wounded.
You miss the deep elf zephyrmancer.
You feel extremely sick.
Sonja hits you with a +4 dagger of venom!
You are lethally poisoned!
Sonja hits you but does no damage. x2
You are more poisoned.
You miss Sonja.
Sonja is lightly wounded.
You slash the deep elf zephyrmancer!
You kill the deep elf zephyrmancer!
Trog accepts your kill.
Trog appreciates your killing of a magic user.
* * * LOW HITPOINT WARNING * * *
You feel extremely sick.
Sonja hits you with a +4 dagger of venom.
* * * LOW HITPOINT WARNING * * *
You are more poisoned.
Sonja hits you but does no damage.
You are more poisoned.
Sonja hits you with a +4 dagger of venom.
* * * LOW HITPOINT WARNING * * *
You are more poisoned.
Sonja hits you with a +4 dagger of venom!
* * * LOW HITPOINT WARNING * * *
Sonja hits you with a +4 dagger of venom!
* * * LOW HITPOINT WARNING * * *
You are more poisoned.
Sonja barely misses you.
Your Fighting skill increases to level 12!
Your Axes skill increases to level 17!
Your Armour skill increases to level 8!
You slice Sonja!!
Sonja is severely wounded.
You die...

#)#####'#####...<...#
#)#...)))..##.......#
#)#...)....##.......#
#'###########.......#
#..#.#.##..##########
#.......#.######
##.#.#.##.#....#
#.......#)#....#
##.#.#.##.@K...+
#.......#)#....#
##.#.#..'.#....#
###############


You could see Sonja.

Vanquished Creatures
  An orc knight (D)
  A deep elf zephyrmancer (D)
  A warg (D)
  A water moccasin (D)
  A floating eye (D)
  An orc warrior (D)
  An ogre (D)
  A phantom (D)
  A bullfrog (D)
  A necrophage (D)
  An iron imp (D)
  2 adders (D)
  A white imp (D)
  An ufetubus (D)
  6 orcs (D)
  A bat (D)
  A bat skeleton (D)
  An endoplasm (D)
  A goblin (D)
  A quokka (D)
  A frilled lizard (D)
  A quokka zombie (D)
28 creatures vanquished.

Notes
Turn   | Place    | Note
-------+----------+-------------------------------------------
     0 | D        | sircluck the Hill Orc Berserker began the quest for the
                  | Orb.
     0 | D        | Reached XP level 1. HP: 19/19 MP: 1/1
    44 | D        | Found a bloodstained altar of Trog.
    44 | D        | Found a shimmering blue altar of Sif Muna.
    44 | D        | Found a viscous altar of Jiyva.
    44 | D        | Found a hazy altar of Hepliaklqana.
    44 | D        | Found an opulent altar of Gozag.
    45 | D        | Found a glowing golden altar of the Shining One.
    45 | D        | Found a glowing silver altar of Zin.
    45 | D        | Found a basalt altar of Yredelemnul.
    45 | D        | Found a shimmering altar of Xom.
    45 | D        | Found an ornate altar of the Wu Jian Council.
    45 | D        | Found a sacrificial altar of Ru.
    45 | D        | Found a stormy altar of Qazlal.
    45 | D        | Found an iron altar of Okawaru.
    45 | D        | Found a sparkling altar of Nemelex Xobeh.
    45 | D        | Found a burning altar of Makhleb.
    45 | D        | Found a blossoming altar of Fedhas.
    45 | D        | Found a white marble altar of Elyvilon.
    45 | D        | Found a shadowy altar of Dithmenos.
    45 | D        | Found a snail-covered altar of Cheibriados.
    47 | D        | Found a radiant altar of Vehumet.
    47 | D        | Found a corrupted altar of Lugonu.
    47 | D        | Found a roughly hewn altar of Beogh.
    48 | D        | Found a hide-covered altar of Uskayaw.
    48 | D        | Found an ancient bone altar of Kikubaaqudgha.
    48 | D        | Found a broken altar of Ashenzari.
    68 | D        | Noticed a floating eye
    72 | D        | Paralysed by a floating eye for 2 turns
    75 | D        | Killed a floating eye
    76 | D        | Reached skill level 9 in Axes
    76 | D        | Reached XP level 2. HP: 34/34 MP: 2/2
    76 | D        | Reached XP level 3. HP: 39/39 MP: 3/3
    76 | D        | Reached XP level 4. HP: 47/47 MP: 4/4
    86 | D        | Reached ** piety under Trog
    96 | D        | Reached XP level 5. HP: 25/52 MP: 5/5
    98 | D        | Reached *** piety under Trog
   270 | D        | Noticed a phantom
   270 | D        | Noticed an ogre
   276 | D        | Reached **** piety under Trog
   279 | D        | Noticed an orc warrior
   291 | D        | Killed an orc warrior
   292 | D        | Reached skill level 11 in Axes
   292 | D        | Reached XP level 6. HP: 62/62 MP: 6/6
   294 | D        | Reached ***** piety under Trog
   295 | D        | Reached skill level 12 in Axes
   295 | D        | Reached skill level 5 in Armour
   304 | D        | Reached skill level 13 in Axes
   311 | D        | Received a gift from Trog
   335 | D        | Noticed a warg
   341 | D        | Killed a warg
   342 | D        | Reached skill level 10 in Fighting
   342 | D        | Reached skill level 14 in Axes
   342 | D        | Reached XP level 7. HP: 52/73 MP: 7/7
   345 | D        | Noticed an orc knight
   352 | D        | Killed an orc knight
   353 | D        | Reached skill level 16 in Axes
   353 | D        | Reached skill level 5 in Dodging
   353 | D        | Reached XP level 8. HP: 36/82 MP: 8/8
   481 | D        | Noticed a deep elf zephyrmancer
   481 | D        | Noticed Sonja
   488 | D        | Killed a deep elf zephyrmancer
   489 | D        | Reached skill level 17 in Axes
   489 | D        | Succumbed to Sonja's poison

Illustrated notes

Levels and vault maps discovered:
D:        pitsprint [storerooms_1, entrance_room_1, metal_vault_4, armoury_2,
          mini_pit_1, grid_room_1, main_hall_1, silver_pit, the_coven_3,
          the_vestibule_1, steel_vault_4, golden_pit, hallway_of_sentries,
          crystal_vault_2, iron_vault_1, final_vault]

Skill      XL: |  1  2  3  4  5  6  7  8 |
---------------+-------------------------+-----
Fighting       | 7 8 10 11 12 | 12.2
Axes           | 9 11 14 16 17 | 17.8
Armour         | 3 4 5 7 8 |  8.1
Dodging        | 2 3 4 5 |  5.6

Action                     |  1- 3 |  4- 6 |  7- 9 || total
---------------------------+-------+-------+-------++-------
  Melee: Hand axe          |     7 |    49 |       ||    56
         Battleaxe         |       |     6 |    24 ||    30
         Punch             |       |     1 |       ||     1
 Invoke: Berserk           |       |     1 |     2 ||     3
    Use: Potion            |       |       |     1 ||     1
 Armour: Animal skin       |       |     6 |       ||     6
         Chain mail        |       |    20 |    24 ||    44
  Dodge: Dodged            |     1 |    28 |     8 ||    37

Table legend: (Time is in decaauts)
 A = Elapsed time spent in this place.
 B = Non-inter-level travel time spent in this place.
 C = Inter-level travel time spent in this place.
 D = Time resting spent in this place.
 E = Time spent auto-exploring this place.
 F = Levels seen in this place.
 G = Mean time per level.
                   A        B        C        D        E       F      G
               +--------+--------+--------+--------+--------+-----+--------+
         Total |    507 |    479 |     28 |    184 |      0 |   1 |  507.0 |
       Dungeon |    507 |    479 |     28 |    184 |      0 |   1 |  507.0 |
               +--------+--------+--------+--------+--------+-----+--------+

Top non-repeatable levels by time:
       D: 507 daAuts
